AoeStats
← Jonninator

Glade

510449982Analyzed
1v1 RM · 18h ago on Oct 1, 2026· 30m 53s· 2 players
Game mode
Random Map
Map size
Tiny (2 player)
Population
200
Speed
Normal
Resources
Standard
Victory
Conquest
Starting age
Dark Age
Ending age
Imperial Age
RankedLock teamsTeams togetherTeam positionsShared explorationLock speedFull tech treeHidden civsTurbo modeCheats
Victory
Defeat
🇨🇦 Cumans · Canada
1014
+17
🇺🇸 Mongols · United States
1045
-17
Soyuz
11:50 Feudal Age
13:01 Loom
13:17 Double-Bit Axe
19:59 Castle Age
17:57 Horse Collar
20:20 Scale Barding Armor
20:18 Gold Mining
23:50 Bow Saw
27:57 Bloodlines
28:10 Stone Mining
29:28 Wheelbarrow
29:05 Fletching
Jonninator
7:18 Loom
10:48 Feudal Age
17:59 Double-Bit Axe
19:46 Wheelbarrow
21:47 Bloodlines
25:52 Castle Age
25:10 Scale Barding Armor
25:16 Forging
27:34 Chain Barding Armor
28:27 Iron Casting
29:32 Steppe Husbandry
29:32 Capped Ram
Connection lost

Rejoining the realm…

Still unreachable

The connection could not be restored.

Session expired

The server has moved on; the page needs a fresh start.